 Dungeon Sprint DCSS version 0.29.1-1-gd02db6906a (webtiles) character file.

Game seed: 3413015440617511085

22500000 Ofeo the Sabretooth (level 25, -204/140 HPs)
             Began as a Felid Artificer on Sept 17, 2022.
             Was the Champion of Makhleb.
             Annihilated by a fleshlord
             ... wielding a +9 great mace
              (219 damage)
             ... in the Dungeon (Sprint VIII: "Arena of Blood").
             The game lasted 00:05:44 (225 turns).

Ofeo the Sabretooth (Felid Artificer)                Turns: 225, Time: 00:05:44

Health: -204/140   AC:  3    Str:  8    XL:     25   Next: 35%
Magic:  55/55      EV: 51    Int: 14    God:    Makhleb [******]
Gold:   0          SH:  0    Dex: 27    Spells: 78/78 levels left
                                        Lives:  0   Deaths: 8

rFire   . . .      SeeInvis +     - Unarmed
rCold   + . .      Faith    .   (shield unavailable)
rNeg    . . .      Spirit   .   (body armour unavailable)
rPois   .          Reflect  .   (helmet unavailable)
rElec   .          Harm     .   (cloak unavailable)
rCorr   .          Rampage  .   (gloves unavailable)
Will    +++..      NoTele   +   (boots unavailable)
Stlth   ++++++++++              (no amulet)
HPRegen 0.33/turn               d - +27000 ring of slaying
MPRegen 0.34/turn               (no ring)

@: quick
A: very small, claws 1, fangs 3, see invisible, speed 1, shaggy fur 3, stealthy
paws, no weapons or thrown items, no armour, multi-lived
a: Renounce Religion, Minor Destruction, Lesser Servant of Makhleb, Major
Destruction, Greater Servant of Makhleb


You were in the Dungeon.
You worshipped Makhleb.
Makhleb was exalted by your worship.
You visited 1 branch

Inventory:

Jewellery
 d - a +27000 ring of slaying (left paw)
Wands
 a - a wand of flame (15) (quivered)
 b - a wand of charming (15)
 c - a wand of iceblast (5) {@v4}
Scrolls
 i - a scroll of blinking {@r4}
Potions
 e - a potion of berserk rage
 f - a potion of heal wounds {@q2}
 g - 2 potions of magic
 h - a potion of haste {@q3}


   Skills:
 O Level 27 Fighting
 O Level 27 Dodging
 O Level 27 Stealth
 O Level 27 Unarmed Combat
 O Level 27 Spellcasting
 O Level 27 Conjurations
 O Level 27 Hexes
 O Level 27 Summonings
 O Level 27 Necromancy
 O Level 27 Translocations
 O Level 27 Transmutations
 O Level 27 Fire Magic
 O Level 27 Ice Magic
 O Level 27 Air Magic
 O Level 27 Earth Magic
 O Level 27 Poison Magic
 O Level 27 Invocations
 O Level 27 Evocations


You had 78 spell levels left.
You didn't know any spells.
Your spell library was empty.

Dungeon Overview and Level Annotations

Branches:
Dungeon (1/1)

Altars:
Makhleb

Annotations:
D The Servant


Innate Abilities, Weirdness & Mutations

You have sharp claws.
You have razor-sharp teeth.
You have supernaturally acute eyesight. (SInv)
You cover ground quickly. (Speed+)
Your thick and shaggy fur keeps you warm. (AC +3, rC+)
Your paws help you pounce on unaware monsters.
You are incapable of wielding weapons or throwing items.
You cannot wear armour.
You gain extra lives every three experience levels.


Message History

The fireball explodes!
The fireball engulfs your lifeless body!!!
The fireball engulfs the fleshlord.
The fleshlord completely resists.
You are now level 25!
You rejoin the land of the living...
A fleshlord comes into view. It is wielding a +9 great mace.
Health restored: 140 A scourge comes into view.
The observer appears out of thin air!
An observer comes into view.
You hear a shout! x5
You are confused.
You hear a shout! x2
The observer pulsates ominously.
You hear a shout!
You're too confused to attack without stumbling around!
The scourge hisses angrily.
You hear a shout! x2
You barely resist.
The eight-headed meat hydra calls on the powers of darkness!
The eight-headed meat hydra convulses!
The observer convulses!
The fleshlord convulses!
Your body is wracked with pain!
The scourge convulses!
You hear a shout!
The observer gazes at you. The bolt of fire hits you!!!
* * * LOW HITPOINT WARNING * * *
You hear a shout! x3
You take 121 damage, and have 19/140 hp.
MASSIVE DAMAGE!!
You feel better.
You hear a shout! x4
The eight-headed meat hydra calls on the powers of darkness!
The eight-headed meat hydra convulses!
The observer convulses!
The observer turns its gaze towards you.
The fleshlord convulses! x2; Your body is wracked with pain!
* * * LOW HITPOINT WARNING * * *
The scourge convulses!
You barely resist.
You hear a shout!
The fleshlord hits you with a +9 great mace!!!!!
Ouch! That really hurt!
You die...

...°D.)o.O.##..
##.oOVo.Oo.o......#
..oo..o)..###.....#
)o.oo.D.).........#
.o.oVo#O#.........#
o.o)oO.o.........=#
..o.o#.#.#........#
oooo.ooo).........#
).ooOo#O#.#..#Sp@)#
##.O.o.)).†.#.G.)†#
...o.o..)†...#..).#
....W...)D.9#G..).#
........)......†..#
...#..D#...).9.#p.#
..#...o#...)†.#)).#
##.....#....).))).#
......#.....#p)..)#


You could see an eight-headed meat hydra, 2 observers, a scourge, 2 fleshlords
and 2 viles.

Vanquished Creatures
  2 hell knights (D)
  7 hell beasts (D)
  3 royal mummies (D)
  A great orb of eyes (D)
  6 wraiths (D)
  10 vampire knights (D)
  37 ogres (D)
  3 liches (D)
  7 hydras (D)
  4 phantoms (D)
  44 orcs (D)
  5 skeletal warriors (D)
  6 sea snakes (D)
135 creatures vanquished.

Vanquished Creatures (others)
  2 great orbs of eyes (D)
  An ogre (D)
  4 two-headed ogres (D)
  A hydra (D)
  17 orcs (D)
25 creatures vanquished.

Grand Total: 160 creatures vanquished

Notes
Turn   | Place    | Note
-------+----------+-------------------------------------------
     0 | D        | Ofeo the Felid Artificer began the quest for the Orb.
     0 | D        | Reached XP level 1. HP: 9/9 MP: 2/2
     3 | D        | Became a worshipper of Makhleb the Destroyer
     3 | D        | Noticed a meat berserker
     3 | D        | Noticed a bag of meat
     3 | D        | Noticed a bag of meat
     4 | D        | Noticed a bag of meat
     5 | D        | Noticed a bag of meat
     6 | D        | Noticed a meat berserker
    10 | D        | Killed a meat berserker
    10 | D        | Noticed a bag of meat
    10 | D        | Noticed a meat berserker
    10 | D        | Noticed a bag of meat
    11 | D        | Reached skill level 27 in Unarmed Combat
    11 | D        | Reached XP level 2. HP: 20/20 MP: 3/3
    11 | D        | Reached XP level 3. HP: 23/23 MP: 4/4
    11 | D        | Reached XP level 4. HP: 27/27 MP: 5/5
    11 | D        | Reached XP level 5. HP: 31/31 MP: 6/6
    11 | D        | Gained mutation: You are covered in thick fur. (AC +2)
                  | [Felid growth]
    11 | D        | Reached XP level 6. HP: 34/34 MP: 7/7
    11 | D        | Reached XP level 7. HP: 38/38 MP: 8/8
    11 | D        | Reached XP level 8. HP: 42/42 MP: 9/9
    11 | D        | Reached XP level 9. HP: 45/45 MP: 10/10
    11 | D        | Reached XP level 10. HP: 49/49 MP: 11/11
    11 | D        | Reached XP level 11. HP: 53/53 MP: 12/12
    11 | D        | Killed a meat berserker
    11 | D        | Reached * piety under Makhleb
    11 | D        | Noticed a meat berserker
    12 | D        | Gained mutation: Your thick and shaggy fur keeps you warm.
                  | (AC +3, rC+) [Felid growth]
    12 | D        | Reached XP level 12. HP: 72/72 MP: 13/13
    12 | D        | Reached XP level 13. HP: 76/76 MP: 14/14
    12 | D        | Killed a bag of meat
    12 | D        | Noticed a meat berserker
    13 | D        | Noticed a meat berserker
    13 | D        | Noticed a bag of meat
    13 | D        | Noticed a bag of meat
    13 | D        | Noticed a meat berserker
    14 | D        | Killed a bag of meat
    15 | D        | Killed a bag of meat
    15 | D        | Reached ** piety under Makhleb
    16 | D        | Reached XP level 14. HP: 62/90 MP: 15/15
    16 | D        | Noticed a meat berserker
    16 | D        | Noticed a bag of meat
    16 | D        | Noticed a bag of meat
    17 | D        | Killed a meat berserker
    18 | D        | Reached skill level 27 in Fighting
    18 | D        | Killed a meat berserker
    19 | D        | Reached XP level 15. HP: 29/95 MP: 16/16
    19 | D        | Killed a meat berserker
    19 | D        | Reached *** piety under Makhleb
    20 | D        | Reached skill level 27 in Dodging
    20 | D        | Killed a meat berserker
    21 | D        | Killed a meat berserker
    22 | D        | Reached XP level 16. HP: 100/100 MP: 16/43
    22 | D        | Noticed a meat berserker
    22 | D        | Noticed a meat berserker
    22 | D        | Noticed a meat berserker
    23 | D        | Killed a meat berserker
    23 | D        | Reached **** piety under Makhleb
    24 | D        | Noticed a meat berserker
    24 | D        | Noticed a meat berserker
    25 | D        | Noticed a destroyer
    25 | D        | Noticed a meat berserker
    25 | D        | Noticed a meat berserker
    25 | D        | Noticed a meat berserker
    25 | D        | Noticed a meat berserker
    25 | D        | Noticed a meat berserker
    26 | D        | Noticed a meat berserker
    26 | D        | Noticed a meat berserker
    26 | D        | Noticed a meat berserker
    27 | D        | Noticed a destroyer
    27 | D        | Killed a meat berserker
    27 | D        | Noticed a large bag of meat
    28 | D        | Reached skill level 27 in Spellcasting
    28 | D        | Killed a meat berserker
    29 | D        | Reached skill level 5 in Summonings
    29 | D        | Reached skill level 5 in Necromancy
    29 | D        | Reached skill level 10 in Translocations
    29 | D        | Reached skill level 5 in Transmutations
    29 | D        | Reached skill level 5 in Evocations
    29 | D        | Reached XP level 17. HP: 103/104 MP: 17/49
    29 | D        | Killed a meat berserker
    30 | D        | Reached skill level 5 in Conjurations
    30 | D        | Reached skill level 5 in Fire Magic
    30 | D        | Reached skill level 5 in Ice Magic
    30 | D        | Reached skill level 5 in Air Magic
    30 | D        | Reached skill level 5 in Earth Magic
    30 | D        | Reached skill level 5 in Invocations
    31 | D        | Reached skill level 10 in Stealth
    31 | D        | Reached skill level 10 in Hexes
    31 | D        | Killed a meat berserker
    31 | D        | Reached ***** piety under Makhleb
    32 | D        | Killed a meat berserker
    32 | D        | Noticed a meat berserker
    33 | D        | Reached skill level 10 in Transmutations
    33 | D        | Reached skill level 10 in Evocations
    33 | D        | Reached XP level 18. HP: 74/109 MP: 18/50
    33 | D        | Killed a destroyer
    34 | D        | Reached skill level 10 in Summonings
    34 | D        | Reached skill level 10 in Necromancy
    35 | D        | Noticed a meat berserker
    35 | D        | Noticed a large bag of meat
    35 | D        | Noticed a meat berserker
    36 | D        | Killed a meat berserker
    36 | D        | Noticed an eight-headed meat hydra
    37 | D        | Reached skill level 15 in Stealth
    37 | D        | Reached skill level 10 in Conjurations
    37 | D        | Reached skill level 15 in Hexes
    37 | D        | Reached skill level 10 in Fire Magic
    37 | D        | Reached skill level 10 in Ice Magic
    37 | D        | Reached skill level 10 in Air Magic
    37 | D        | Reached skill level 10 in Earth Magic
    37 | D        | Reached skill level 10 in Invocations
    37 | D        | Noticed a large bag of meat
    37 | D        | Noticed an eight-headed meat hydra
    38 | D        | Killed a destroyer
    38 | D        | Demolished by a bag of meat
    39 | D        | Reached XP level 17. HP: -17/104 MP: 19/49
    39 | D        | Noticed a meat berserker
    39 | D        | Noticed a destroyer
    39 | D        | Noticed a large bag of meat
    39 | D        | Noticed a destroyer
    39 | D        | Noticed a destroyer
    39 | D        | Killed a destroyer
    40 | D        | Reached XP level 18. HP: 109/109 MP: 50/50
    41 | D        | Killed a meat berserker
    42 | D        | Noticed The Servant
    43 | D        | Noticed a meat berserker
    43 | D        | Noticed a sculptor of flesh
    43 | D        | Noticed a meat berserker
    43 | D        | Noticed a meat berserker
    44 | D        | Noticed a sculptor of flesh
    46 | D        | Reached skill level 15 in Transmutations
    46 | D        | Reached skill level 15 in Evocations
    46 | D        | Noticed a destroyer
    47 | D        | Noticed a meat berserker
    47 | D        | Noticed a meat berserker
    47 | D        | Noticed a sculptor of flesh
    48 | D        | Noticed a meat berserker
    48 | D        | Noticed a meat berserker
    48 | D        | Noticed a meat berserker
    48 | D        | Noticed a meat berserker
    48 | D        | Noticed a meat berserker
    49 | D        | Killed a destroyer
    49 | D        | Reached ****** piety under Makhleb
    50 | D        | Noticed a destroyer
    50 | D        | Noticed a meat berserker
    50 | D        | Noticed an accursed
    51 | D        | Noticed a destroyer
    52 | D        | Killed a destroyer
    52 | D        | HP: 5/109 [bag of meat/+9 war axe (1)]
    53 | D        | Reached skill level 15 in Summonings
    53 | D        | Reached skill level 15 in Necromancy
    53 | D        | Reached skill level 27 in Translocations
    53 | D        | Reached skill level 15 in Invocations
    53 | D        | Reached XP level 19. HP: 5/113 MP: 51/51
    53 | D        | Killed a meat berserker
    53 | D        | Noticed a destroyer
    54 | D        | Killed a meat berserker
    54 | D        | Noticed a tyrant
    54 | D        | Noticed a destroyer
    55 | D        | Reached skill level 15 in Conjurations
    55 | D        | Reached skill level 15 in Fire Magic
    55 | D        | Reached skill level 15 in Ice Magic
    55 | D        | Reached skill level 15 in Air Magic
    55 | D        | Reached skill level 15 in Earth Magic
    55 | D        | Killed a meat berserker
    55 | D        | Noticed a meat berserker
    56 | D        | Killed a meat berserker
    56 | D        | Annihilated by a large bag of meat
    57 | D        | Reached XP level 18. HP: -26/109 MP: 50/50
    57 | D        | Noticed an accursed
    59 | D        | Noticed a sculptor of flesh
    59 | D        | Noticed a meat berserker
    60 | D        | Noticed a meat berserker
    60 | D        | Noticed a dread
    60 | D        | Noticed a destroyer
    61 | D        | Killed a meat berserker
    62 | D        | Reached XP level 19. HP: 97/113 MP: 51/51
    62 | D        | Killed a meat berserker
    64 | D        | Killed a meat berserker
    64 | D        | HP: 3/113 [bag of meat/+9 war axe (35)]
    64 | D        | Noticed a tyrant
    65 | D        | Killed a meat berserker
    65 | D        | Noticed a meat berserker
    66 | D        | Killed a meat berserker
    67 | D        | Noticed a meat berserker
    67 | D        | Killed a meat berserker
    68 | D        | Killed a meat berserker
    69 | D        | Killed a dread
    69 | D        | Noticed a meat beast
    70 | D        | Reached skill level 27 in Stealth
    70 | D        | Reached skill level 27 in Hexes
    70 | D        | Reached XP level 20. HP: 118/118 MP: 52/52
    70 | D        | Killed a meat berserker
    71 | D        | Killed a meat berserker
    72 | D        | Killed a meat berserker
    72 | D        | Noticed a meat beast
    73 | D        | Noticed a dread
    73 | D        | Killed a meat berserker
    74 | D        | Demolished by a meat berserker
    74 | D        | Noticed a destroyer
    75 | D        | Reached XP level 19. HP: -21/113 MP: 51/51
    75 | D        | Noticed a dread
    75 | D        | Noticed a meat berserker
    76 | D        | Noticed an accursed
    76 | D        | Noticed an eight-headed meat hydra
    76 | D        | Noticed a destroyer
    77 | D        | Noticed a destroyer
    77 | D        | Noticed a tyrant
    77 | D        | Noticed a meat beast
    77 | D        | Noticed a dread
    77 | D        | Noticed a meat berserker
    78 | D        | Killed a meat berserker
    80 | D        | Killed an accursed
    80 | D        | Noticed a meat berserker
    81 | D        | Reached XP level 20. HP: 64/118 MP: 52/52
    81 | D        | Killed a tyrant
    81 | D        | Noticed an eight-headed meat hydra
    81 | D        | Noticed a dread
    81 | D        | Noticed a meat beast
    83 | D        | Noticed a meat beast
    83 | D        | Killed a destroyer
    84 | D        | Noticed a destroyer
    84 | D        | Noticed a destroyer
    84 | D        | Noticed a meat berserker
    85 | D        | Noticed a meat beast
    85 | D        | Killed an eight-headed meat hydra
    85 | D        | Noticed an eight-headed meat hydra
    85 | D        | Mangled by a bag of meat
    86 | D        | Reached XP level 19. HP: -7/113 MP: 51/51
    86 | D        | Killed a large bag of meat
    86 | D        | Killed a large bag of meat
    89 | D        | Killed a destroyer
    92 | D        | Killed a meat beast
    92 | D        | Noticed a large bag of meat
    93 | D        | Reached skill level 27 in Transmutations
    93 | D        | Reached skill level 27 in Evocations
    93 | D        | Reached XP level 20. HP: 67/118 MP: 52/52
    93 | D        | Killed a meat beast
    94 | D        | Reached skill level 27 in Summonings
    94 | D        | Reached skill level 27 in Necromancy
    94 | D        | Reached skill level 27 in Invocations
    94 | D        | Reached XP level 21. HP: 110/122 MP: 53/53
    94 | D        | Killed a large bag of meat
    95 | D        | Killed a meat beast
    96 | D        | Reached skill level 27 in Conjurations
    96 | D        | Reached skill level 27 in Fire Magic
    96 | D        | Reached skill level 27 in Ice Magic
    96 | D        | Reached skill level 27 in Air Magic
    96 | D        | Reached skill level 27 in Earth Magic
    96 | D        | Reached skill level 15 in Poison Magic
    96 | D        | Noticed a tyrant
    97 | D        | HP: 4/122 [meat beast (19)]
    98 | D        | Killed a meat beast
    99 | D        | Reached skill level 27 in Poison Magic
    99 | D        | Reached XP level 22. HP: 10/127 MP: 54/54
    99 | D        | Killed a destroyer
    99 | D        | Killed a large bag of meat
   100 | D        | Annihilated by a meat berserker
   101 | D        | Reached XP level 21. HP: -33/122 MP: 53/53
   101 | D        | Noticed an accursed
   101 | D        | Noticed a meat beast
   101 | D        | Killed from afar by a dread
   102 | D        | Reached XP level 20. HP: -6/118 MP: 52/52
   102 | D        | Killed an observer
   102 | D        | Killed an observer
   104 | D        | Noticed a meat berserker
   104 | D        | Killed a meat berserker
   106 | D        | Killed a meat beast
   107 | D        | Reached XP level 21. HP: 122/122 MP: 53/53
   110 | D        | Killed a tyrant
   111 | D        | Killed a dread
   115 | D        | Reached XP level 22. HP: 127/127 MP: 54/54
   116 | D        | Killed a dread
   118 | D        | Killed a meat beast
   119 | D        | Killed an accursed
   120 | D        | Reached XP level 23. HP: 78/131 MP: 55/55
   121 | D        | Noticed an accursed
   128 | D        | Killed a meat beast
   136 | D        | Reached XP level 24. HP: 70/136 MP: 55/55
   136 | D        | Killed an accursed
   148 | D        | Killed a destroyer
   154 | D        | Killed a dread
   157 | D        | Killed a destroyer
   164 | D        | Killed a tyrant
   167 | D        | Reached XP level 25. HP: 140/140 MP: 55/55
   178 | D        | Noticed a dread
   182 | D        | Killed a dread
   202 | D        | Noticed a dread
   207 | D        | Killed a dread
   207 | D        | Noticed a fleshlord
   209 | D        | Killed a fleshlord
   210 | D        | Reached XP level 26. HP: 139/145 MP: 55/55
   211 | D        | Noticed a fleshlord
   212 | D        | Noticed a fleshlord
   214 | D        | Noticed a vile
   214 | D        | Demolished by a fleshlord
   215 | D        | Reached XP level 25. HP: -20/140 MP: 55/55
   218 | D        | Reached XP level 26. HP: 145/145 MP: 55/55
   219 | D        | Noticed a fleshlord
   221 | D        | Noticed a vile
   222 | D        | Killed a fleshlord
   222 | D        | Annihilated by a fleshlord
   223 | D        | Reached XP level 25. HP: -127/140 MP: 55/55
   223 | D        | Noticed a fleshlord
   225 | D        | Annihilated by a fleshlord

Illustrated notes

Levels and vault maps discovered:
D:        meatsprint

Skill      XL: |  1  2  3  4  5  6  7  8  9 10 11 12 13 14 15 16 17 18 19 20 21 |
---------------+----------------------------------------------------------------+-----
Unarmed Combat | 27 | 27.0
Fighting       | 9 20 26 27 | 27.0
Dodging        | 26 27 | 27.0
Spellcasting   | 22 27 | 27.0
Stealth        | 7 18 24 27 | 27.0
Conjurations   | 4 11 16 23 25 27 | 27.0
Hexes          | 7 17 24 27 | 27.0
Summonings     | 5 12 17 25 27 | 27.0
Necromancy     | 5 12 17 25 27 | 27.0
Translocations | 10 24 27 | 27.0
Transmutations | 5 14 19 27 25 | 27.0
Fire Magic     | 4 11 16 23 25 27 | 27.0
Ice Magic      | 4 11 16 23 25 27 | 27.0
Air Magic      | 4 11 16 23 25 27 | 27.0
Earth Magic    | 4 11 16 23 25 27 | 27.0
Invocations    | 3 12 17 25 27 | 27.0
Evocations     | 5 14 19 27 25 | 27.0
Poison Magic   | 27 | 27.0

Action                   |  1- 3 |  4- 6 |  7- 9 | 10-12 | 13-15 | 16-18 | 19-21 | 22-24 | 25-27 || total
-------------------------+-------+-------+-------+-------+-------+-------+-------+-------+-------++-------
Melee: Unarmed           |     1 |       |       |     1 |     8 |    16 |    39 |    52 |    21 ||   138
       Bite              |       |       |       |       |       |       |     1 |     1 |     1 ||     3
  Use: Potion            |       |       |       |       |       |       |       |       |     1 ||     1
Armor: Skin              |       |       |       |       |       |       |     1 |     3 |       ||     4
Dodge: Dodged            |       |       |       |       |     2 |     8 |    27 |    24 |     3 ||    64
